AoeStats
← Хан Крум

Arena

507715627Analyzed
4v4 RM · 12d ago on Sep 19, 2026· 51m 25s· 8 players
Game mode
Random Map
Map size
Large (8 player)
Population
200
Speed
Normal
Resources
Standard
Victory
Conquest
Starting age
Dark Age
Ending age
Imperial Age
RankedLock teamsTeams togetherTeam positionsShared explorationLock speedFull tech treeHidden civsTurbo modeCheats
Victory
Defeat
🇦🇷 Burgundians · Argentina
1084
+15
🇨🇦 Vikings · Canada
1073
+15
🇬🇧 Spanish · United Kingdom
1056
+16
🇦🇹 Franks · Austria
1032
+17
🇨🇳 Hindustanis · China
1076
-17
🇧🇬 Bulgarians · Bulgaria
1071
-16
🇨🇳 Mongols · China
1051
-16
🇳🇱 Cumans · Netherlands
1024
-14
novko
2:03 Loom
10:20 Feudal Age
11:31 Double-Bit Axe
19:03 Castle Age
18:22 Scale Mail Armor
21:47 Gambesons
22:03 Squires
23:05 Bow Saw
23:08 Forging
25:16 Iron Casting
47:35 Pikeman
49:26 Elite Skirmisher
50:54 Wheelbarrow
Хан Крум
8:54 Loom
10:50 Feudal Age
13:36 Horse Collar
13:42 Double-Bit Axe
13:49 Gold Mining
24:14 Castle Age
24:05 Forging
23:55 Scale Mail Armor
24:06 Stone Mining
25:00 Wheelbarrow
24:10 Town Watch
25:38 Bow Saw
25:51 Heavy Plow
26:58 Gold Shaft Mining
25:52 Pikeman
26:42 Squires
38:48 Elite Skirmisher
46:02 Fletching
46:12 Padded Archer Armor
46:49 Iron Casting
46:29 Chain Mail Armor
46:21 Scale Barding Armor
46:20 Caravan
47:44 Hand Cart
三条柒
2:18 Loom
12:21 Feudal Age
13:11 Double-Bit Axe
13:28 Horse Collar
14:52 Wheelbarrow
17:25 Castle Age
15:52 Stone Mining
16:55 Gold Mining
18:30 Heavy Plow
19:06 Gold Shaft Mining
18:44 Bow Saw
19:50 Gold Shaft Mining
19:50 Stone Shaft Mining
21:41 Hand Cart
22:59 Stone Shaft Mining
24:12 Scale Mail Armor
25:14 Squires
26:17 Forging
27:11 Chain Mail Armor
等我上帝王
9:12 Feudal Age
10:44 Double-Bit Axe
12:44 Loom
15:21 Castle Age
16:12 Horse Collar
17:55 Wheelbarrow
19:18 Fervor
22:55 Gold Mining
23:42 Stone Mining
28:29 Imperial Age
25:48 Town Watch
26:10 Fletching
26:39 Scale Barding Armor
27:21 Bodkin Arrow
28:08 Ballistics
27:58 Heavy Plow
28:15 Bloodlines
28:49 Bow Saw
28:46 Husbandry
30:28 Chemistry
29:57 Conscription
30:44 Bracer
31:07 Chain Barding Armor
31:22 Parthian Tactics
31:17 Fortified Wall
31:44 Light Cavalry
32:47 Elite Mangudai
35:23 Drill
35:25 Forging
35:48 Capped Ram
37:18 Siege Ram
38:10 Masonry
38:59 Nomads
44:11 Hand Cart
48:22 Iron Casting
48:20 Scale Mail Armor
48:35 Hussar
50:45 Hoardings
50:13 Onager
tyco170
8:40 Loom
10:40 Feudal Age
11:27 Horse Collar
11:34 Double-Bit Axe
13:20 Man-at-Arms
16:09 Scale Mail Armor
17:33 Forging
24:33 Castle Age
22:31 Gold Mining
22:32 Stone Mining
22:38 Arson
23:29 Fletching
26:17 Iron Casting
25:46 Squires
26:37 Gold Shaft Mining
26:15 Bow Saw
26:09 Heavy Plow
26:05 Long Swordsman
28:11 Chain Mail Armor
30:12 Town Watch
30:25 Bodkin Arrow
30:47 Gambesons
31:27 Chieftains
33:08 Town Patrol
36:44 Imperial Age
36:59 Two-Handed Swordsman
37:57 Elite Berserk
40:24 Bracer
40:24 Padded Archer Armor
41:47 Two-Man Saw
41:05 Elite Skirmisher
42:05 Leather Archer Armor
41:12 Champion
42:28 Conscription
44:31 Crop Rotation
44:44 Town Patrol
48:29 Ballistics
49:10 Chemistry
50:22 Ring Archer Armor
50:52 Blast Furnace
50:23 Plate Mail Armor
49:39 Treadmill Crane
51:36 Siege Engineers
dissdisshit
10:21 Feudal Age
12:45 Double-Bit Axe
14:00 Gold Mining
17:25 Castle Age
16:11 Forging
17:12 Scale Barding Armor
17:15 Loom
19:06 Wheelbarrow
18:35 Husbandry
19:27 Town Watch
20:47 Iron Casting
24:34 Pikeman
25:32 Hand Cart
26:08 Chain Barding Armor
26:59 Bow Saw
26:41 Stone Mining
28:59 Fletching
30:10 Town Patrol
33:08 Bodkin Arrow
41:11 Imperial Age
39:36 Padded Archer Armor
40:59 Gold Shaft Mining
42:41 Leather Archer Armor
45:49 Elite Skirmisher
46:37 Town Patrol
50:42 Masonry
Yogensya7784
5:41 Loom
10:49 Feudal Age
15:07 Castle Age
18:10 Double-Bit Axe
21:04 Horse Collar
23:47 Gold Mining
27:10 Fletching
27:21 Padded Archer Armor
32:12 Bodkin Arrow
32:32 Leather Archer Armor
33:34 Ballistics
38:45 Imperial Age
36:07 Town Watch
36:58 Wheelbarrow
36:26 Heavy Plow
39:51 Capped Ram
43:13 Hand Cart
44:27 Ring Archer Armor
43:57 Bracer
44:43 Siege Ram
46:25 Caravan
45:56 Elite Conquistador
51:00 Chemistry
50:12 Masonry
50:19 Onager
tikymax
9:58 Feudal Age
14:00 Castle Age
12:05 Horse Collar
12:41 Double-Bit Axe
20:35 Fervor
21:59 Cavalier
23:40 Scale Barding Armor
23:46 Forging
24:25 Husbandry
27:07 Iron Casting
28:16 Loom
29:41 Wheelbarrow
32:13 Imperial Age
30:41 Chain Barding Armor
34:51 Plate Barding Armor
35:20 Wheelbarrow
34:31 Town Watch
34:55 Capped Ram
37:16 Blast Furnace
37:57 Fletching
39:24 Stone Mining
39:24 Gold Mining
39:57 Padded Archer Armor
39:53 Bodkin Arrow
40:20 Bow Saw
40:44 Heavy Plow
41:02 Hand Cart
41:24 Leather Archer Armor
41:29 Bracer
42:41 Chemistry
42:23 Crossbowman
42:25 Elite Skirmisher
44:41 Conscription
44:29 Burgundian Vineyards
43:54 Flemish Revolution
45:24 Treadmill Crane
46:07 Ballistics
47:04 Two-Man Saw
46:56 Scale Mail Armor
47:09 Squires
47:54 Arson
51:53 Chain Mail Armor
Connection lost

Rejoining the realm…

Still unreachable

The connection could not be restored.

Session expired

The server has moved on; the page needs a fresh start.